 Dungeon Crawl Stone Soup version 0.29-a0-271-gd4eb659eea (webtiles) character file.

Game seed: 3456656422814790935

30 spaghetti the Covered (level 2, -5/25 HPs)
             Began as a Demigod Fighter on Mar 8, 2022.
             Slain by an iron imp (7 damage)
             ... summoned by Natasha
             ... on level 2 of the Dungeon.
             The game lasted 00:01:14 (994 turns).

spaghetti the Covered (Demigod Fighter)              Turns: 994, Time: 00:01:14

Health: -5/25      AC:  7    Str: 17    XL:     2   Next: 87%
Magic:  4/4        EV:  9    Int: 10    God:
Gold:   58         SH:  4    Dex: 13    Spells: 1/1 levels left

rFire   . . .      SeeInvis .   a - +0 rapier {short}
rCold   . . .      Faith    .   c - +0 buckler
rNeg    . . .      Spirit   .   b - +0 scale mail
rPois   .          Reflect  .   (no helmet)
rElec   .          Harm     .   (no cloak)
rCorr   .          Rampage  .   (no gloves)
Will    .....                   (no boots)
Stlth   ..........              h - amulet of magic regeneration {@e2}
HPRegen 0.08/turn               (no ring)
MPRegen 0.49/turn               (no ring)

@: mighty, brilliant
A: high MP 1, forlorn, divine attributes
a: no special abilities


You were on level 2 of the Dungeon.
You visited 1 branch of the dungeon, and saw 2 of its levels.

You collected 58 gold pieces.


Innate Abilities, Weirdness & Mutations

You have an increased reservoir of magic. (+10% MP)
You shall have no god before yourself.
Your divine heritage dramatically boosts your attributes as you level up.


   Skills:
 - Level 2.6 Fighting
 - Level 1.7 Short Blades
 + Level 3.8 Armour
 - Level 2.6 Shields


You had one spell level left.
You didn't know any spells.
Your spell library contained the following spells:

 Spells                   Type           Power      Damage    Failure   Level
 Animate Skeleton         Necr           0%         N/A       86%         1
 Pain                     Necr           0%         1d4       86%         1
 Vampiric Draining        Necr           0%         2d6       99%         3

Inventory:

Hand Weapons
 a - a +0 rapier (weapon) {short}
Missiles
 f - 12 stones (quivered) {throwing}
 i - 5 poisoned darts {throwing}
 j - 2 boomerangs {throwing}
Armour
 b - a +0 scale mail (worn)
 c - a +0 buckler (worn)
Jewellery
 h - an amulet of magic regeneration (around neck) {@e2}
   (You found it on level 1 of the Dungeon)
Scrolls
 g - a scroll of noise {!r}

Dungeon Overview and Level Annotations

Branches:
Dungeon (2/15)

Annotations:
D:2 Natasha

#. ##### #. #...#
#.####.#.#
#......#.######
#......#......####
#...#######......#
#####......#....#.##.#
........b..#...##.##.##
......5@...#..........#
#.###..h...........#..#
# #..............#..##
#.[.................
..................##
...[...............#
.......#...>.....#..#
.....####....†....#..#
............#..#


You could see an iron imp (summoned), Natasha and a bat.


Message History

You now have 58 gold pieces (gained 12).
A bat comes into view.
The bat moves out of view.
The bat hits you but does no damage.
You closely miss the bat. The bat hits you but does no damage.
You block the bat's attack. The bat barely misses you.
You closely miss the bat. The bat barely misses you.
You barely miss the bat. The bat hits you but does no damage.
The bat barely misses you.
You barely miss the bat. You block the bat's attack.
You closely miss the bat. You block the bat's attack.
The bat barely misses you.
You closely miss the bat. The bat hits you but does no damage.
You barely miss the bat. You block the bat's attack. x2
You hit the bat but do no damage. The bat closely misses you.
The bat hits you but does no damage.
You closely miss the bat. The bat barely misses you.
You block the bat's attack.
You hit the bat.
You kill the bat!
No target in view!
No target in view!
No target in view!
No target in view!
No target in view!
No target in view!
No target in view!
No target in view!
No target in view!
No target in view!
No target in view!
No target in view!
No target in view!
As you read the scroll labelled WEIHAZU QOESH, it crumbles to dust.
It is a scroll of identify.
g - a scroll of noise A kobold comes into view.
It is wielding a +0 whip.
The kobold shouts!
You hear an angry hiss.
A kobold is nearby!
The kobold hits you with a +0 whip.
Natasha, Servant of Life and Death comes into view. 😕 HP[-5]
You take 5 damage, and now have 20/25 hp.
You closely miss the kobold.
A bat comes into view.
You block the kobold's attack. The kobold hits you but does no damage.
The bat moves out of view.
You barely miss the kobold. The kobold hits you but does no damage.
You hit the kobold.
The kobold hits you with a +0 whip. 😕 HP[-1]
You take 1 damage, and now have 19/25 hp.
You hit the kobold.
You kill the kobold!
Natasha mumbles some strange words.
The bat barely misses you.
You closely miss the bat. You block the bat's attack.
Natasha casts a spell at you. You resist with significant effort.
The bat hits you but does no damage.
Natasha mumbles some strange words.
Natasha glows brightly for a moment.
Natasha claws you but does no damage.
You see here a +0 whip {mace}.
You closely miss Natasha. The bat hits you. Natasha claws you.
* * * LOW HITPOINT WARNING * * *
You are too injured to fight recklessly! 😨 HP[-7]
You take 7 damage, and now have 12/25 hp.
MASSIVE DAMAGE!! (PAUSE) It was a potion of brilliance.
You feel clever all of a sudden. The iron imp hits you.
* * * LOW HITPOINT WARNING * * *
Natasha barely misses you. You block the bat's attack. 😨 HP[-3]
You take 3 damage, and now have 9/25 hp.
You barely miss Natasha. The bat hits you but does no damage.
Natasha stares at you and mumbles some strange words.
The magic dart hits you.
* * * LOW HITPOINT WARNING * * *
The iron imp hits you.
* * * LOW HITPOINT WARNING * * *
😱 HP[-7]
You take 7 damage, and now have 2/25 hp.
MASSIVE DAMAGE!! (PAUSE)
You aren't carrying any items that you can evoke.
Okay, then.
You feel very mighty all of a sudden. The bat hits you.
* * * LOW HITPOINT WARNING * * *
Natasha closely misses you.
You block the iron imp's attack. 😱 HP[-1]
You take 1 damage, and now have 1/25 hp.
You closely miss Natasha. The bat misses you.
Natasha closely misses you. 😱 HP[+1]
You puncture Natasha! The bat hits you but does no damage.
Natasha growls.
Natasha claws you but does no damage. The iron imp hits you!
You die...

Skill      XL: |  1 |
---------------+----+-----
Armour         | 3 |  3.8
Fighting       | |  2.6
Short Blades   | |  1.7
Shields        | |  2.6

Action                   || total
-------------------------++-------
Melee: Rapier            ||    94
  Use: Scroll            ||     2
       Potion            ||     2
Armor: Scale mail        ||    57
Dodge: Dodged            ||    53
Block: Buckler           ||    19

Levels and vault maps discovered:
D:1:      onia_arrival_pentagram, layout_basic, solitary_fountain,
          hangedman_decor_push
D:2:      layout_loops_ring, grunt_decor_resistance, uniq_natasha, uniq_sigmund

Notes
Turn   | Place    | Note
-------+----------+-------------------------------------------
     0 | D:1      | spaghetti the Demigod Fighter began the quest for the Orb.
     0 | D:1      | Reached XP level 1. HP: 18/18 MP: 3/3
     0 | D:1      | magus.rc [v1.9.6]
   149 | D:1      | You pick up a book of Necromancy and begin reading...
   149 | D:1      | You add the spells Pain, Animate Skeleton and Vampiric
                  | Draining to your library.
   206 | D:1      | Reached skill level 3 in Armour
   274 | D:2      | Reached XP level 2. HP: 17/25 MP: 4/4
   982 | D:2      | Noticed Natasha
   991 | D:2      | HP: 4/25 [Natasha/magic dart (5)]
   992 | D:2      | HP: 1/25 [bat (1)]
   994 | D:2      | Slain by an iron imp

Vanquished Creatures
  A dart slug (D:1)
  2 ball pythons
  3 bats
  3 endoplasms (D:1)
  A giant cockroach (D:1)
  3 goblins
  A hobgoblin (D:1)
  4 kobolds
  3 frilled lizards (D:1)
  5 rats
26 creatures vanquished.

Table legend:
 A = Non-vault XP
 B = Vault XP
 C = Vault XP percentage of total XP
 D = Non-vault monster count
 E = Vault monster count
 F = Vault count percentage of total count
                 A         B        C        D         E       F
            +---------+---------+-------+---------+---------+-------
      Total |      44 |       0 |   0.0 |      26 |       0 |   0.0
            +---------+---------+-------+---------+---------+-------
        D:1 |      30 |       0 |   0.0 |      17 |       0 |   0.0
        D:2 |      14 |       0 |   0.0 |       9 |       0 |   0.0
            +---------+---------+-------+---------+---------+-------

Illustrated notes

Table legend:
 A = Kills in this place as a percentage of kills in entire the game.
 B = Kills by you in this place as a percentage of kills by you in the entire game.
 C = Kills by friends in this place as a percentage of kills by friends in the entire game.
 D = Other kills in this place as a percentage of other kills in the entire game.
 E = Experience gained in this place as a percentage of experience gained in the entire game.
 F = Experience gained in this place divided by the number of levels of this place that you have seen.
                   A       B       C       D       E      F
               +-------+-------+-------+-------+-------+----------------------
         Total | 100.0 | 100.0 |   N/A |   N/A | 100.0 |  22.0
       Dungeon | 100.0 | 100.0 |   N/A |   N/A | 100.0 |  22.0
               +-------+-------+-------+-------+-------+----------------------

Table legend: (Time is in decaauts)
 A = Elapsed time spent in this place.
 B = Non-inter-level travel time spent in this place.
 C = Inter-level travel time spent in this place.
 D = Time resting spent in this place.
 E = Time spent auto-exploring this place.
 F = Levels seen in this place.
 G = Mean time per level.
                   A        B        C        D        E       F      G
               +--------+--------+--------+--------+--------+-----+--------+
         Total |   1009 |    977 |     32 |     80 |    700 |   2 |  504.5 |
       Dungeon |   1009 |    977 |     32 |     80 |    700 |   2 |  504.5 |
               +--------+--------+--------+--------+--------+-----+--------+

Top non-repeatable levels by time:
     D:1: 906 daAuts
     D:2: 103 daAuts
